 Dungeon Crawl Stone Soup version 0.21.1-1-g345015f (webtiles) character file.

705 Fang the Chopper (level 7, -4/44 HPs)
             Began as a Gargoyle Berserker on June 4, 2018.
             Was a Priest of Trog.
             Slain by a killer bee (5 damage)
             ... on level 5 of the Dungeon.
             The game lasted 00:03:45 (3662 turns).

Fang the Chopper (Gargoyle Berserker)               Turns: 3662, Time: 00:03:45

Health: -4/44      AC:  7    Str: 23    XL:     7   Next: 67%
Magic:  7/7        EV: 13    Int:  7    God:    Trog [***...]
Gold:   299        SH:  0    Dex:  9    Spells: 6/6 levels left

rFire    + . .     SeeInvis .   a - +0 hand axe
rCold    . . .     Gourm    .   (no shield)
rNeg     + . .     Faith    .   b - +0 animal skin
rPois    ∞         Spirit   .   (no helmet)
rElec    +         Reflect  .   (no cloak)
rCorr    .         Harm     .   (no gloves)
MR       .....                  (no boots)
Stlth    +.........             (no amulet)
HPRegen  0.14/turn              p - ring of protection from fire
MPRegen  0.10/turn              (no ring)

@: berserk cooldown, slowed, very slow
A: negative energy resistance 1, electricity resistance, unbreathing,
petrification resistance, rot immunity, AC +4
a: Berserk, Trog's Hand, Burn Spellbooks, Renounce Religion


You were on level 5 of the Dungeon.
You worshipped Trog.
Trog was most pleased with you.
You were not hungry.

You visited 1 branch of the dungeon, and saw 5 of its levels.

You collected 299 gold pieces.

Inventory:

Hand Weapons
 a - a +0 hand axe (weapon)
Missiles
 q - 6 javelins (quivered)
Armour
 b - a +0 animal skin (worn)
Jewellery
 p - a ring of protection from fire (left hand)
Wands
 o - a wand of acid (7)
 s - a wand of random effects (36)
Scrolls
 d - a scroll of enchant armour {unknown}
 e - 2 scrolls of teleportation {unknown}
 g - 2 scrolls of magic mapping {unknown}
 j - 2 scrolls of remove curse {unknown}
 l - a scroll of random uselessness {unknown}
 n - a scroll of identify {unknown}
 r - a scroll of amnesia {unknown}
Potions
 f - a potion of might {unknown}
 h - 3 potions of flight {unknown}
 i - 2 potions of invisibility {unknown}
 k - a potion of haste {unknown}
 m - 2 potions of curing {unknown}
 t - 2 potions of lignification {unknown}
Comestibles
 c - 2 rations


   Skills:
 + Level 5.3 Fighting
 + Level 6.0 Axes
 + Level 2.4 Armour
 + Level 3.4 Dodging
 + Level 0.9 Stealth


You had 6 spell levels left.
You didn't know any spells.

Dungeon Overview and Level Annotations

Branches:
Dungeon (5/15)
 Temple: D:4-7

Altars:
Dithmenos
Makhleb
Qazlal

Annotations:
D:5 1 transporter


Innate Abilities, Weirdness & Mutations

You are resistant to torment.
Your stone body is resilient. (AC +4)
You are immune to poison.
You resist negative energy. (rN+)
You are resistant to electric shocks. (rElec)
You can survive without breathing.
You are immune to petrification.
You are immune to rotting.


Message History

The killer bee stings you but does no damage. x2
The killer bee closely misses you.
You miss the killer bee. The killer bee misses you.
The killer bee stings you but does no damage.
The killer bee barely misses you.
A killer bee comes into view.
You miss the killer bee.
The killer bee buzzes angrily.
The killer bee closely misses you. The killer bee misses you.
The killer bee stings you but does no damage.
You hit the killer bee but do no damage.
The killer bee stings you.
* * * LOW HITPOINT WARNING * * *
The killer bee stings you!
* * * LOW HITPOINT WARNING * * *
The killer bee barely misses you.
You miss the killer bee. The killer bee misses you. x3
You miss the killer bee. The killer bee closely misses you.
The killer bee stings you.
You die...

#. 8#. #. P#.#
#. .#.. #.
©#©..#.#
.#...#.#####.#.#
P#......@yyy...#
#.###..####.###
#..# #..# #..#
#. ####..#
...####.....#
#...........####
#..>...<........


You could see 3 killer bees.

Vanquished Creatures
  Grinder (D:5)
  The ghost of Trover the Slasher, an amateur HaSk (D:3)
  3 killer bees (D:5)
  2 howler monkeys (D:4)
  A jelly (D:4)
  A worker ant (D:5)
  A hound skeleton (D:4)
  4 adders
  3 gnolls (D:4)
  3 oozes
  5 worms
  A dart slug (D:1)
  3 leopard geckos
  3 orcs (D:3)
  8 bats
  3 giant cockroaches
  8 hobgoblins
  2 jackals (D:1)
  7 kobolds
  A ball python (D:2)
  3 frilled lizards
  7 goblins (D:1)
  15 rats
86 creatures vanquished.

Notes
Turn   | Place    | Note
-------+----------+-------------------------------------------
     0 | D:1      | Fang the Gargoyle Berserker began the quest for the Orb.
     0 | D:1      | Reached XP level 1. HP: 14/14 MP: 1/1
   271 | D:1      | Reached skill level 3 in Axes
   271 | D:1      | Reached XP level 2. HP: 14/19 MP: 2/2
   540 | D:1      | Reached XP level 3. HP: 23/23 MP: 3/3
   847 | D:1      | You fall through a shaft!
  1164 | D:2      | Reached XP level 4. HP: 21/29 MP: 4/4
  1272 | D:2      | Reached ** piety under Trog
  1337 | D:2      | Found a burning altar of Makhleb.
  1337 | D:2      | Noticed an Executioner
  2032 | D:3      | Noticed Trover's ghost (amateur HaSk)
  2067 | D:3      | Killed Trover's ghost
  2067 | D:3      | Reached skill level 4 in Axes
  2067 | D:3      | Reached XP level 5. HP: 19/33 MP: 5/5
  2276 | D:3      | Found a faded altar of an unknown god.
  2658 | D:4      | Reached XP level 6. HP: 37/39 MP: 6/6
  2670 | D:4      | Reached *** piety under Trog
  2912 | D:4      | Reached skill level 5 in Axes
  3432 | D:4      | Found a stormy altar of Qazlal.
  3433 | D:4      | Found a shadowy altar of Dithmenos.
  3526 | D:5      | Entered Level 5 of the Dungeon
  3526 | D:5      | Noticed Grinder
  3538 | D:5      | Killed Grinder
  3538 | D:5      | Reached skill level 5 in Fighting
  3538 | D:5      | Reached XP level 7. HP: 44/44 MP: 7/7
  3618 | D:5      | Found a transporter.
  3654 | D:5      | Reached skill level 6 in Axes
  3660 | D:5      | HP: 1/44 [killer bee (7)]
  3662 | D:5      | Slain by a killer bee

Skill      XL: |  1  2  3  4  5  6  7 |
---------------+----------------------+-----
Axes           | 3 4 5 6 |  6.0
Dodging        | 2 3 |  3.4
Fighting       | 4 5 |  5.3
Armour         | |  2.4
Stealth        | |  0.9

Action                   |  1- 3 |  4- 6 |  7- 9 || total
-------------------------+-------+-------+-------++-------
Melee: Hand axe          |   110 |   197 |    41 ||   348
Invok: Berserk           |     1 |     3 |     1 ||     5
  Eat: Chunk             |     1 |     6 |       ||     7
       Ration            |       |     1 |     1 ||     2
Armor: Animal skin       |    40 |    60 |    11 ||   111
Dodge: Dodged            |    65 |   134 |    41 ||   240
